[Event "Titled Tuesday Blitz November 15 Late 2022"]
[White "Hansen, Sune Berg"]
[Black "Sarkar, Justin"]
[WhiteFideId "1400266"]
[BlackFideId "2010011"]
[WhiteElo "2708"]
[BlackElo "2239"]
[Result "0-1"]
[Round "08"]
[TimeControl "180+1"]
[Date "2022.11.16"]
[WhiteClock "0:00:15"]
[BlackClock "0:00:03"]

1. e4 c5 2. Nf3 e6 3. d3 Nc6 4. g3 d5 5. Nbd2 Nf6 6. Bg2 Be7 7. O-O O-O 8. a4 b6 9. Re1 Bb7 10. e5 Nd7 11. Nf1 Re8 12. h4 f6 13. exf6 Bxf6 14. N1h2 Nde5 15. Ng5 h6 16. Nh3 Qd7 17. Nf4 Rf8 18. Bh3 Rae8 19. c3 d4 20. Bg2 dxc3 21. bxc3 Na5 22. Bxb7 Qxb7 23. Nh5 Qd5 24. Nf4 Qc6 25. Bd2 Rd8 26. Ng4 Nxg4 27. Qxg4 Nb3 28. Rxe6 Rd6 29. Rd1 Nxd2 30. Rxd2 Bxc3 31. Rde2 Bd4 32. Re8 Rxe8 33. Rxe8+ Qxe8 34. Kf1 Rf6 35. Qf3 Qf7 36. Qa8+ Kh7 37. Qe4+ g6 38. h5 Rxf4 39. gxf4 Qf5 40. Qe7+ Bg7 41. hxg6+ Kxg6 42. Qe8+ Qf7 43. Qe4+ Qf5 44. Qe8+ Kh7 45. Ke2 Qxf4 0-1


[Site "https://www.chess.com"]

[Event "Titled Tuesday Blitz November 15 Late 2022"]
[White "Har-Zvi, Ronen"]
[Black "Goroshkov, Maksym"]
[WhiteFideId "2801485"]
[BlackFideId "14142716"]
[WhiteElo "2523"]
[BlackElo "2257"]
[Result "1/2-1/2"]
[Round "08"]
[TimeControl "180+1"]
[Date "2022.11.15"]
[WhiteClock "0:00:06"]
[BlackClock "0:00:12"]

1. Nf3 Nf6 2. c4 g6 3. Nc3 Bg7 4. g3 O-O 5. Bg2 d6 6. O-O c5 7. d4 Nc6 8. dxc5 dxc5 9. Bf4 Be6 10. Ne5 Nxe5 11. Bxe5 Qc8 12. Qb3 b6 13. Bxa8 Qxa8 14. f3 Bh6 15. Bxf6 exf6 16. Nd5 Bxd5 17. cxd5 f5 18. Rad1 Rd8 19. d6 Bg7 20. e3 Qc6 21. Qd5 Qxd5 22. Rxd5 Bxb2 23. d7 c4 24. Rf2 c3 25. e4 fxe4 26. fxe4 Kf8 27. Kf1 Ke7 28. Ke1 f6 29. e5 fxe5 30. Rxe5+ Kxd7 31. Rd5+ Kc8 32. Rxd8+ Kxd8 33. Kd1 Ke7 34. Kc2 b5 35. Rf4 a5 36. Rh4 h5 37. g4 hxg4 38. Rxg4 Kf6 39. h4 b4 40. Kb3 a4+ 41. Kc2 b3+ 42. axb3 axb3+ 43. Kxb3 Kf5 44. Rg5+ Kf6 45. Kc2 Kf7 46. Kd3 Kf6 47. Rg2 Kf5 48. Rg5+ Kf6 49. Rc5 Ke6 50. Ke4 Kd6 51. Rc4 Ke6 52. Rc6+ Kd7 53. Kd5 Ke7 54. Rc4 Kf6 55. Ke4 Ke6 56. Rc6+ Kd7 57. Rc4 Ke6 1/2-1/2


[Site "https://www.chess.com"]

[Event "Titled Tuesday Blitz November 15 Late 2022"]
[White "Harshal, Shahi"]
[Black "Souleidis, Georgios"]
[WhiteFideId "5048257"]
[BlackFideId "4206827"]
[WhiteElo "2054"]
[BlackElo "2401"]
[Result "0-1"]
[Round "08"]
[TimeControl "180+1"]
[Date "2022.11.16"]
[WhiteClock "0:00:01"]
[BlackClock "0:00:42"]

1. e4 c5 2. Nf3 e6 3. b3 a6 4. Bb2 d5 5. exd5 exd5 6. Be2 Nf6 7. O-O Be7 8. d4 O-O 9. dxc5 Bxc5 10. Nc3 Nc6 11. a3 Bf5 12. h3 Ba7 13. Bd3 Ne4 14. Bxe4 Bxe4 15. Re1 Re8 16. Nxe4 dxe4 17. Qxd8 Raxd8 18. Ng5 f5 19. h4 Rd2 20. Nh3 Rxc2 21. Bc1 Ne5 22. Be3 Bxe3 23. Rxe3 Ng4 24. Ree1 Rd8 25. Rad1 Rd3 0-1


[Site "https://www.chess.com"]

[Event "Titled Tuesday Blitz November 15 Late 2022"]
[White "Harshavardhan G B"]
[Black "Besedes, Danilo"]
[WhiteFideId "25059009"]
[BlackFideId "946796"]
[WhiteElo "2787"]
[BlackElo "2548"]
[Result "0-1"]
[Round "08"]
[TimeControl "180+1"]
[Date "2022.11.16"]
[WhiteClock "0:00:06"]
[BlackClock "0:00:23"]

1. d4 d6 2. c4 e5 3. Nf3 Nc6 4. dxe5 dxe5 5. Qxd8+ Kxd8 6. Nc3 f6 7. b3 Be6 8. Bb2 Bc5 9. e3 Nh6 10. O-O-O+ Kc8 11. Ne4 Be7 12. h3 a5 13. a4 Nb4 14. g4 Nf7 15. Ng3 c6 16. Nf5 Bf8 17. e4 g6 18. Ne3 h6 19. Be2 Bc5 20. Rhg1 Ng5 21. Nxg5 hxg5 22. Rg3 Kc7 23. Bc3 Na2+ 24. Kb2 Nxc3 25. Kxc3 Rad8 26. Rxd8 Kxd8 27. Kc2 Ke7 28. Nd1 Bd4 29. Bf1 Rc8 30. Kb1 Kd6 31. Rd3 Ke7 32. f3 Rb8 33. Rd2 b5 34. cxb5 Bxb3 35. Nb2 Bxb2 36. Rxb2 Bxa4 37. b6 Kd6 38. b7 Kc7 39. Ba6 Bb5 40. Bxb5 cxb5 41. Rc2+ Kb6 42. Rc8 Kxb7 43. Rc5 Kb6 44. Rd5 Kc6 45. Rd2 Rh8 46. Rh2 Kc5 47. Kb2 Kd4 48. Rd2+ Ke3 49. Rd6 Rf8 50. Rd5 Kxf3 51. Rxb5 Kxe4 52. Rxa5 Kf4 53. Kc2 e4 54. Kd2 Rd8+ 55. Ke2 f5 56. Ra6 Rg8 57. Rf6 Ke5 58. Ra6 Kf4 59. Rf6 Ke5 60. Ra6 f4 61. Ra5+ Kf6 62. Ra6+ Kg7 63. Ra7+ Kh6 64. Re7 e3 65. Rf7 Rd8 66. Re7 Rd2+ 67. Kf1 Rh2 68. Re8 Kg7 69. Re7+ Kf6 70. Re8 Rxh3 71. Ke2 Rg3 72. Rf8+ Kg7 73. Ra8 Rxg4 74. Ra7+ Kh6 75. Ra8 Rh4 76. Ra7 Kh5 77. Ra8 Kg4 78. Ra1 Rh2+ 79. Kd3 Rd2+ 80. Ke4 Rd8 81. Rg1+ Kh4 82. Rh1+ Kg3 83. Rg1+ Kf2 84. Rh1 e2 85. Rh2+ Kf1 86. Kf3 Rd3+ 87. Ke4 Re3+ 88. Kd4 e1=Q 0-1


[Site "https://www.chess.com"]

[Event "Titled Tuesday Blitz November 15 Late 2022"]
[White "Hoffmann, Asa"]
[Black "Andreassen, Lars"]
[WhiteFideId "2001470"]
[BlackFideId "1504878"]
[WhiteElo "2117"]
[BlackElo "2119"]
[Result "1-0"]
[Round "08"]
[TimeControl "180+1"]
[Date "2022.11.16"]
[WhiteClock "0:01:06"]
[BlackClock "0:00:01"]

1. d4 d5 2. Bg5 c5 3. dxc5 Nc6 4. c3 h6 5. Bh4 g5 6. Bg3 Bg7 7. e3 e5 8. Nd2 f5 9. f4 Qe7 10. Qh5+ Kf8 11. O-O-O Nf6 12. Qe2 e4 13. Nb3 g4 14. Bh4 a5 15. Rxd5 Be6 16. Rd6 a4 17. Nd4 Nxd4 18. cxd4 Qf7 19. a3 Nd5 20. Qd2 Kg8 21. Bc4 Kh7 22. Ne2 Bf8 23. Rxe6 Qxe6 24. Nc3 Qc8 25. Nxd5 b5 26. Nb6 Qa6 27. Be6 Bxc5 28. dxc5 Rhf8 29. Qd7+ Kg6 30. Bxf5+ Kh5 31. Be1 Rad8 32. Bxg4+ 1-0


[Site "https://www.chess.com"]

[Event "Titled Tuesday Blitz November 15 Late 2022"]
[White "Ibarra Jerez, Jose Carlos"]
[Black "Yanchenko, Roman"]
[WhiteFideId "2226332"]
[BlackFideId "4137329"]
[WhiteElo "2638"]
[BlackElo "2489"]
[Result "1-0"]
[Round "08"]
[TimeControl "180+1"]
[Date "2022.11.15"]
[WhiteClock "0:00:05"]
[BlackClock "0:00:02"]

1. e4 e6 2. d4 d5 3. Nd2 c5 4. exd5 exd5 5. Ngf3 Nc6 6. Bb5 c4 7. O-O Bd6 8. b3 cxb3 9. c4 Ne7 10. Qxb3 O-O 11. cxd5 Nxd5 12. Ne4 Bc7 13. Bg5 Nde7 14. Qa3 f6 15. Bc4+ Kh8 16. Be3 Bf5 17. Nc5 b6 18. Ne6 Bxe6 19. Bxe6 Qd6 20. Qxd6 Bxd6 21. Rac1 Nb4 22. Nd2 Rad8 23. Ne4 Rfe8 24. Bf7 Rf8 25. Nxd6 Rxd6 26. Bb3 Nbd5 27. Rfe1 Nf5 28. Kf1 Rfd8 29. g4 Nh4 30. Ke2 Ng6 31. Kf3 Nb4 32. Rc7 Nc6 33. d5 Nb4 34. Rxa7 Ne5+ 35. Kg3 Nxd5 36. Bc1 Nd3 37. Rd1 Nc3 38. Rxd3 Rxd3+ 39. Be3 Nd1 40. Bxd1 Rxd1 41. Bxb6 Rg1+ 42. Kf3 Rb8 43. a4 h5 44. a5 hxg4+ 45. Kf4 Kh7 46. Kf5 Rg2 47. Rd7 Rxh2 48. Kxg4 Rg2+ 49. Kf3 Rg5 50. Rc7 Rb5 51. Rc6 Kg6 52. Kg3 Rb4 53. Rd6 Rb7 54. Rc6 Ra4 55. Rd6 Re7 56. Rd5 Re5 57. Rd7 Rg5+ 58. Kf3 Rb5 59. Re7 Rb3+ 60. Kg2 Ra2 61. Rd7 Rb5 62. Rd3 Rg5+ 63. Kh2 Ra4 64. Rh3 Rh5 65. Rxh5 Kxh5 66. Kg3 Kg5 67. Kf3 Kf5 68. Ke3 g5 69. Kd3 Ke6 70. Kc3 Kd5 71. Kb3 Ra1 72. Bd8 Ke6 73. Kb2 Rd1 74. Bb6 Kd7 75. Kc2 Ra1 76. Kb2 Ra4 77. Kb3 Ra1 78. Kb2 Re1 79. Bd4 Re6 80. Kc3 Kc7 81. Kc4 Rd6 82. Bc5 Rc6 83. Kb5 Kb7 84. Bb6 Rc2 85. a6+ Ka8 86. Bd4 f5 87. Kb4 g4 88. Kb3 Re2 89. Kc3 Re4 90. Kd3 Re6 91. a7 f4 92. Bc5 f3 93. Bd4 Kb7 94. Bc5 Re8 95. Kd4 Kc6 96. Kc4 Rc8 97. Be3 Kd6+ 98. Kd4 Ke6 99. Ke4 Rc4+ 100. Kd3 Ra4 101. Bd4 Kd5 102. Be3 Ra3+ 103. Kd2 Ke4 104. Bc5 Ra4 105. Kc3 Ra6 106. Kc4 Ra1 107. Kb3 Kd5 108. Ba3 g3 109. a8=Q+ Kd4 110. Qxf3 gxf2 111. Bb2+ 1-0


[Site "https://www.chess.com"]

[Event "Titled Tuesday Blitz November 15 Late 2022"]
[White "Janaszak, Dawid"]
[Black "Mirzoev, Azer"]
[WhiteFideId "1119206"]
[BlackFideId "13400304"]
[WhiteElo "2548"]
[BlackElo "2659"]
[Result "0-1"]
[Round "08"]
[TimeControl "180+1"]
[Date "2022.11.16"]
[WhiteClock "0:00:05"]
[BlackClock "0:00:05"]

1. e4 c5 2. Nc3 e6 3. f4 d5 4. Nf3 Nc6 5. Bb5 Nf6 6. d3 Be7 7. Bxc6+ bxc6 8. Ne5 Qc7 9. O-O O-O 10. Qe1 a5 11. Qg3 Bd6 12. Bd2 a4 13. Rae1 Nd7 14. Nxd7 Bxd7 15. Nd1 f6 16. Bc3 Be7 17. Nf2 Rf7 18. Ng4 Kh8 19. Qh3 Rb8 20. Qh5 Rff8 21. Rf3 Be8 22. Qh3 d4 23. Bd2 Rxb2 24. f5 exf5 25. exf5 Rxc2 26. Bf4 Bd6 27. Bxd6 Qxd6 28. Qh4 Qd5 29. Nf2 Bf7 30. Rh3 Qxf5 31. Ne4 Bg6 32. Rf1 Qd5 33. Rg3 Bxe4 34. dxe4 Qe6 35. Rh3 h6 36. Qf4 Kh7 37. e5 f5 38. a3 Rc3 39. Rg3 Rxg3 40. hxg3 d3 41. g4 g6 42. Qe3 Rf7 43. Qxd3 Qxe5 44. Kh1 Qd4 45. Qb1 Qxg4 46. Qa2 Qh4+ 47. Kg1 Re7 48. Qb2 Qd4+ 49. Qxd4 cxd4 50. Rd1 Rd7 0-1


[Site "https://www.chess.com"]

[Event "Titled Tuesday Blitz November 15 Late 2022"]
[White "Jobava, Baadur"]
[Black "Sjugirov, Sanan"]
[WhiteFideId "13601520"]
[BlackFideId "4189302"]
[WhiteElo "2582"]
[BlackElo "2611"]
[Result "1-0"]
[Round "08"]
[TimeControl "180+1"]
[Date "2022.11.15"]
[WhiteClock "0:00:12"]
[BlackClock "0:00:05"]

1. e4 e5 2. Nf3 Nc6 3. Bc4 Bc5 4. c3 Nf6 5. d4 exd4 6. e5 d5 7. Be2 Ne4 8. cxd4 Bb6 9. Nc3 O-O 10. Be3 Ba5 11. Rc1 f6 12. exf6 Qxf6 13. O-O Bxc3 14. bxc3 Be6 15. Ne1 Rae8 16. Nd3 Kh8 17. Re1 Bf5 18. Bf1 Ne7 19. Bf4 c6 20. Be5 Qh6 21. f3 Nd6 22. Bf4 Qf6 23. Be5 Qh6 24. Nc5 b6 25. Na6 Bc8 26. Nb4 a5 27. Nd3 Nc4 28. Rc2 Ng6 29. Rce2 Bd7 30. Bc7 Qg5 31. Rxe8 Rxe8 32. Rxe8+ Bxe8 33. Qe1 Bd7 34. Bg3 h6 35. h4 Qf6 36. h5 Ne7 37. Bh4 1-0


[Site "https://www.chess.com"]

[Event "Titled Tuesday Blitz November 15 Late 2022"]
[White "Jones, Gawain C B"]
[Black "Svane, Frederik"]
[WhiteFideId "409561"]
[BlackFideId "12923044"]
[WhiteElo "2657"]
[BlackElo "2466"]
[Result "1/2-1/2"]
[Round "08"]
[TimeControl "180+1"]
[Date "2022.11.15"]
[WhiteClock "0:00:04"]
[BlackClock "0:00:15"]

1. Nf3 d5 2. g3 Nd7 3. Bg2 e5 4. O-O Ngf6 5. d3 c6 6. c4 dxc4 7. dxc4 Be7 8. Nc3 O-O 9. Qc2 Qc7 10. b3 Re8 11. Rd1 Bf8 12. Bb2 a5 13. Nd2 Nc5 14. Nce4 Nfxe4 15. Nxe4 Nxe4 16. Bxe4 g6 17. c5 Bg4 18. Qc4 Rad8 19. Kg2 Be6 20. Qc3 Bg7 21. Bd3 Rd4 22. e3 Rd5 23. e4 Rd4 24. Qc2 Rd7 25. Bc4 Bxc4 26. Rxd7 Qxd7 27. Qxc4 Rd8 28. Bc3 Qc7 29. Qa4 Ra8 30. Rd1 Bf8 31. Qc4 Qe7 32. Rd6 Qe8 33. Rd2 Qe7 34. Rd6 Qe8 35. Rd2 Qe7 36. b4 axb4 37. Bxb4 Rd8 38. Rd6 Qc7 39. Rxd8 Qxd8 40. Qc3 f6 41. Qb3+ Kg7 42. Ba3 Qd7 43. h4 h5 44. Kf1 Qf7 45. Ke2 Qxb3 46. axb3 Kf7 47. Kd3 Ke6 48. Kc4 Be7 49. Bb4 Bd8 50. Bc3 Bc7 51. b4 b5+ 52. cxb6 Bxb6 53. Be1 Kd6 54. b5 cxb5+ 55. Kxb5 Bd4 56. Bb4+ Ke6 57. Be1 f5 58. f3 fxe4 59. fxe4 Be3 60. Kc6 Bd4 61. Kc7 Ke7 62. Kc6 Ke6 63. Kc7 Ke7 64. Kc6 Ke6 1/2-1/2


[Site "https://www.chess.com"]

[Event "Titled Tuesday Blitz November 15 Late 2022"]
[White "Kamsky, Gata"]
[Black "Mgeladze, Tamaz"]
[WhiteFideId "2000024"]
[BlackFideId "13601202"]
[WhiteElo "2666"]
[BlackElo "2288"]
[Result "1/2-1/2"]
[Round "08"]
[TimeControl "180+1"]
[Date "2022.11.15"]
[WhiteClock "0:01:15"]
[BlackClock "0:01:36"]

1. e4 c5 2. Nf3 g6 3. c4 Nc6 4. d4 cxd4 5. Nxd4 Nf6 6. Nc3 Nxd4 7. Qxd4 d6 8. Be2 Bg7 9. O-O O-O 10. Qe3 Bd7 11. Bd2 a5 12. b3 Bc6 13. Rad1 Nd7 14. f4 Qb6 15. Qxb6 Nxb6 16. Nd5 Nxd5 17. exd5 Bd7 18. a4 Bf5 19. Rde1 e6 20. dxe6 fxe6 21. Bf3 Bc2 22. Rxe6 Bxb3 23. Bxb7 Bxc4 24. Bxa8 Bxe6 25. Bc6 Rc8 26. Bb5 Bc3 1/2-1/2


[Site "https://www.chess.com"]

[Event "Titled Tuesday Blitz November 15 Late 2022"]
[White "Kaplan, Avi Harrison"]
[Black "Espinosa, Pedro"]
[WhiteFideId "30934559"]
[BlackFideId "30921066"]
[WhiteElo "1983"]
[BlackElo "2016"]
[Result "1-0"]
[Round "08"]
[TimeControl "180+1"]
[Date "2022.11.16"]
[WhiteClock "0:00:22"]
[BlackClock "0:00:59"]

1. d4 d5 2. c4 c6 3. Nc3 Nf6 4. cxd5 cxd5 5. Bf4 Nc6 6. e3 a6 7. Be2 Bf5 8. Nf3 e6 9. Qb3 Na5 10. Qa4+ Nc6 11. Qb3 Na5 12. Qa4+ Nc6 13. Ne5 Qb6 14. Nxc6 bxc6 15. O-O Be7 16. a3 O-O 17. b4 a5 18. b5 c5 19. dxc5 Bxc5 20. Rac1 Rfc8 21. Nb1 Ne4 22. Bd3 Bd6 23. Bxd6 Nxd6 24. Bxf5 Nxf5 25. Qb3 Nd6 26. a4 Nc4 27. Rfd1 Qc5 28. h3 h6 29. e4 Qb4 30. Qxb4 axb4 31. exd5 exd5 32. Rxd5 Rxa4 33. b6 Nxb6 34. Rxc8+ Nxc8 35. Rd8+ Kh7 36. Rxc8 Ra1 37. Rc1 b3 38. Kf1 b2 39. Re1 Kg6 40. Ke2 Ra5 41. Nd2 Re5+ 42. Kf1 Rd5 43. Ke2 Re5+ 44. Kd1 Rc5 45. Ke2 Rc1 46. Nb1 Rc2+ 47. Kf3 f5 48. Re2 Rxe2 49. Kxe2 Kg5 50. Kd2 f4 51. Kc2 f3 52. g3 h5 53. Kxb2 h4 54. Nd2 hxg3 55. fxg3 f2 56. Kc3 Kf5 57. Kd3 g5 58. Ke3 g4 59. h4 f1=Q 60. Nxf1 Kg6 61. Kf4 Kh5 62. Kf5 Kh6 63. Kxg4 Kg6 64. h5+ Kh7 65. Kh4 Kg7 66. g4 Kh8 67. g5 Kg8 68. Kg4 Kh8 69. Kf5 Kg8 70. Ng3 Kg7 71. Ne2 Kh7 72. Nf4 Kh8 73. Ng2 Kg8 74. Ne3 Kg7 75. Nd1 Kg8 76. Nc3 Kh8 77. Nb1 Kh7 78. Nd2 Kg7 79. Nb3 Kg8 80. Nc1 Kh8 81. Na2 Kh7 82. Nb4 Kg7 83. Nd3 Kg8 84. Nc5 Kh8 85. Ne4 Kh7 86. h6 Kh8 87. Ng3 Kg8 88. Ne2 Kh8 89. Ng1 Kg8 90. Nf3 Kh8 91. Ne1 Kh7 92. Nd3 Kh8 93. Nc1 Kg8 94. Nb3 Kh7 95. Na1 Kh8 96. Nc2 Kg8 97. Nb4 Kh7 98. Na2 Kh8 99. Nc3 Kg8 100. g6 Kh8 101. Kf6 Kg8 102. Ne4 Kh8 103. Ng3 Kg8 104. Ne2 Kh8 105. Nf4 Kg8 106. Nh3 Kh8 107. Ng5 Kg8 108. Nf7 Kf8 109. h7 Ke8 110. h8=Q+ Kd7 111. Qd8+ Kc6 112. g7 Kc5 113. g8=B Kc4 114. Ke5 Kb5 115. Kd4 Kc6 116. Qd5+ Kc7 117. Qe6 Kb7 118. Qd6 Kc8 119. Qe7 Kb8 120. Qd7 Ka8 121. Kc5 Kb8 122. Kb6 Ka8 123. Nd6 Kb8 124. Qc7+ Ka8 125. Qb8+ Kxb8 126. Be6 Ka8 127. Nb5 Kb8 128. Bf5 Ka8 129. Bc8 Kb8 130. Ba6 Ka8 131. Nd4 Kb8 132. Nc6+ Ka8 133. Bb7# 1-0


[Site "https://www.chess.com"]

[Event "Titled Tuesday Blitz November 15 Late 2022"]
[White "Kaufman, Raymond"]
[Black "Do Nascimento,Christian Almeida"]
[WhiteFideId "2015056"]
[BlackFideId "2143801"]
[WhiteElo "2321"]
[BlackElo "2079"]
[Result "1-0"]
[Round "08"]
[TimeControl "180+1"]
[Date "2022.11.16"]
[WhiteClock "0:01:42"]
[BlackClock "0:00:20"]

1. e4 c5 2. Nf3 d6 3. d4 cxd4 4. Nxd4 Nf6 5. Nc3 a6 6. Bg5 e6 7. f4 Be7 8. Qf3 Qc7 9. O-O-O b5 10. Bxf6 gxf6 11. a3 Nd7 12. f5 Ne5 13. Qh3 O-O 14. fxe6 fxe6 15. Nxe6 Bxe6 16. Qxe6+ Kh8 17. Nd5 Qc5 18. Qxe7 Rac8 19. c3 a5 20. Nxf6 Rf7 21. Qxd6 Qe3+ 22. Kb1 Ng6 23. Bxb5 Rcf8 24. Rhf1 Nf4 25. Qxf4 1-0


[Site "https://www.chess.com"]

[Event "Titled Tuesday Blitz November 15 Late 2022"]
[White "Khandelwal, Ankush"]
[Black "Allahverdiyeva, Ayan"]
[WhiteFideId "413470"]
[BlackFideId "13412590"]
[WhiteElo "2271"]
[BlackElo "2021"]
[Result "1-0"]
[Round "08"]
[TimeControl "180+1"]
[Date "2022.11.16"]
[WhiteClock "0:00:09"]
[BlackClock "0:00:05"]

1. e4 c5 2. Nf3 d6 3. d4 cxd4 4. Nxd4 Nf6 5. Nc3 a6 6. f3 e5 7. Nb3 Be6 8. Be3 Be7 9. Qd2 h5 10. O-O-O Nbd7 11. Kb1 Rc8 12. Nd5 Nxd5 13. exd5 Bf5 14. Bd3 Bxd3 15. Qxd3 b5 16. f4 Bf6 17. h3 exf4 18. Bxf4 Ne5 19. Rde1 O-O 20. Qe2 Rc4 21. Bxe5 Bxe5 22. Qxh5 Rh4 23. Qe2 a5 24. Qxb5 a4 25. Nc1 Qa8 26. Nd3 Rb8 27. Qc6 Qa7 28. Nxe5 dxe5 29. Rxe5 Rhb4 30. Re8+ Rxe8 31. Qxe8+ Kh7 32. Re1 Qd4 33. b3 a3 34. Qe5 Qxe5 35. Rxe5 Rd4 36. c4 1-0


[Site "https://www.chess.com"]

[Event "Titled Tuesday Blitz November 15 Late 2022"]
[White "Kirillov, Dmitry"]
[Black "Castella Garcia, Fausto"]
[WhiteFideId "34180572"]
[BlackFideId "3501922"]
[WhiteElo "2095"]
[BlackElo "2245"]
[Result "1-0"]
[Round "08"]
[TimeControl "180+1"]
[Date "2022.11.16"]
[WhiteClock "0:00:09"]
[BlackClock "0:00:08"]

1. e4 c5 2. Nc3 Nc6 3. f4 g6 4. Nf3 Bg7 5. Bc4 e6 6. O-O Nge7 7. e5 d5 8. exd6 Nf5 9. Bb5 Nxd6 10. Bxc6+ bxc6 11. Ne5 O-O 12. d3 c4 13. d4 Nf5 14. Ne2 Qd5 15. c3 c5 16. Ng3 Bb7 17. Rf2 Nh4 18. Qe2 cxd4 19. cxd4 Rac8 20. Be3 c3 21. b3 c2 22. Rc1 Rc3 23. Qd2 Rfc8 24. Nc4 Rxe3 25. Nxe3 Qxd4 26. Rxc2 Rxc2 27. Nxc2 Qb6 28. Qb4 Qxb4 29. Nxb4 Bd4 30. Ne2 Bxf2+ 31. Kxf2 Nxg2 32. Nd3 Nh4 33. b4 Nf5 34. Nc5 Bc6 35. a4 Nd6 36. b5 Ba8 37. Nc3 Kf8 38. Ke3 Ke7 39. Kd4 Kd8 40. a5 Kc7 41. Na6+ Kd7 42. Nc5+ Ke7 43. b6 axb6 44. axb6 Nb7 45. Na6 Kd6 46. Nc7 Na5 47. Nxa8 Kc6 48. Ke5 Nc4+ 49. Kf6 Ne3 50. Kxf7 Ng2 51. b7 Kxb7 52. Kxe6 Nxf4+ 53. Ke5 Nh5 54. Nd5 Kxa8 55. Nf6 Nxf6 56. Kxf6 Kb7 57. Kg7 Kc6 58. Kxh7 Kd7 59. Kxg6 Ke8 60. Kg7 Ke7 61. h4 Ke6 62. h5 Kf5 63. h6 1-0


[Site "https://www.chess.com"]

[Event "Titled Tuesday Blitz November 15 Late 2022"]
[White "Kopylov, Alexander A."]
[Black "Annaberdiyev, Babageldi"]
[WhiteFideId "4164857"]
[BlackFideId "14000385"]
[WhiteElo "2747"]
[BlackElo "2561"]
[Result "0-1"]
[Round "08"]
[TimeControl "180+1"]
[Date "2022.11.16"]
[WhiteClock "0:00:06"]
[BlackClock "0:00:04"]

1. e4 e6 2. Nf3 d5 3. exd5 exd5 4. d4 Bd6 5. Bd3 Nc6 6. O-O Bg4 7. c3 Nge7 8. Nbd2 Qd7 9. b4 f6 10. Nb3 Bf5 11. Nc5 Bxc5 12. bxc5 Bxd3 13. Qxd3 O-O 14. Rb1 b6 15. Ba3 Rfe8 16. Qa6 Na5 17. Bb4 Nc4 18. a4 Ng6 19. Rfe1 Nf4 20. h3 Qf5 21. Qb5 Rec8 22. Qc6 Nxh3+ 23. gxh3 Qxf3 24. Re7 Kh8 25. Rbe1 Rg8 26. Qxc7 Qxh3 27. c6 Nd2 28. R7e3 Nf3+ 29. Rxf3 Qxf3 30. Re3 Qd1+ 31. Kh2 Qxa4 32. Rh3 Rac8 33. Qf7 Qc2 34. c7 Qf5 35. Bd6 Qxf2+ 36. Kh1 Qf1+ 37. Kh2 Qf2+ 38. Kh1 Qf5 39. Kh2 a5 40. Rh5 Qc2+ 41. Kg1 a4 42. Qxd5 a3 43. Bxa3 Rxc7 44. Bb4 Qg6+ 45. Kf2 Ra7 46. Rh3 Qc2+ 47. Kg3 Ra2 48. Qf3 Qg6+ 49. Kf4 Qg5+ 50. Ke4 Re8+ 51. Kd3 b5 52. c4 bxc4+ 53. Kxc4 Rc8+ 54. Bc5 Ra4+ 55. Kb3 Ra5 56. Qd3 h6 57. Kb4 Raxc5 58. Rg3 Qd5 59. dxc5 Qxc5+ 60. Kb3 Rb8+ 61. Ka2 Ra8+ 62. Kb2 Rb8+ 63. Ka2 Qa5+ 64. Qa3 Qxa3+ 65. Kxa3 Rb5 66. Ka4 Rg5 67. Kb4 Rxg3 0-1


[Site "https://www.chess.com"]

[Event "Titled Tuesday Blitz November 15 Late 2022"]
[White "Korchmar, Vasiliy"]
[Black "Kumala, Aleksander"]
[WhiteFideId "24131750"]
[BlackFideId "1141880"]
[WhiteElo "2370"]
[BlackElo "2269"]
[Result "1-0"]
[Round "08"]
[TimeControl "180+1"]
[Date "2022.11.16"]
[WhiteClock "0:00:05"]
[BlackClock "0:00:03"]

1. e4 e5 2. Nf3 Nc6 3. Bc4 Nf6 4. d3 Bc5 5. c3 a6 6. Bg5 d6 7. Nbd2 h6 8. Bh4 Be6 9. Bxe6 fxe6 10. Qb3 Kd7 11. O-O Bb6 12. Nc4 g5 13. Bg3 Nh5 14. d4 g4 15. Nh4 Nf4 16. dxe5 Ne2+ 17. Kh1 Nxg3+ 18. fxg3 Nxe5 19. Nxe5+ dxe5 20. Rad1+ Kc8 21. Qxe6+ Kb8 22. Rxd8+ Rxd8 23. Qxe5 Ka7 24. Nf5 Re8 25. Qf4 h5 26. e5 Rad8 27. Re1 Rd5 28. e6 Rxe6 29. Rf1 Re2 30. Nd4 Rxb2 31. a4 Ra2 32. h3 Ra3 33. Ne2 Ra5 34. hxg4 R3xa4 35. c4 hxg4 36. Qxg4 Ra2 37. Nf4 Rc5 38. Nd5 Rc2 39. Nxb6 cxb6 40. Rf7 R2xc4 41. Qf3 Rc6 42. g4 a5 43. g5 a4 44. g6 Rc3 45. Qd5 Ka6 46. g7 Rc1+ 47. Kh2 Rh6+ 48. Kg3 Rg6+ 49. Kf2 Rc2+ 50. Ke3 Rcxg2 51. Qxb7+ Ka5 52. Qd5+ Kb4 53. Rf4+ Ka3 54. Qd3+ Kb2 55. Rb4+ Ka2 56. Qb1+ Ka3 57. Rf4 R6g3+ 58. Ke4 b5 59. Qa1+ Kb3 60. Qb1+ Ka3 61. Rf3+ Rxf3 62. Kxf3 Rxg7 63. Qa1+ Kb3 64. Qxg7 Ka2 65. Ke2 b4 66. Kd2 b3 67. Qf7 Kb2 68. Qf6+ Ka2 69. Qe6 Kb2 70. Qe5+ Ka2 71. Qd5 a3 72. Kc3 Ka1 73. Qxb3 a2 74. Qd1# 1-0


[Site "https://www.chess.com"]

[Event "Titled Tuesday Blitz November 15 Late 2022"]
[White "Koutlas, Nikolaos"]
[Black "Radovanovic, Dusan"]
[WhiteFideId "25827138"]
[BlackFideId "926868"]
[WhiteElo "2167"]
[BlackElo "2341"]
[Result "0-1"]
[Round "08"]
[TimeControl "180+1"]
[Date "2022.11.16"]
[WhiteClock "0:00:01"]
[BlackClock "0:00:16"]

1. e4 c5 2. Nf3 d6 3. d4 cxd4 4. Nxd4 Nf6 5. Nc3 g6 6. Be2 Bg7 7. O-O O-O 8. Be3 Nc6 9. Qd2 Bd7 10. h3 Rc8 11. Rad1 a6 12. Nb3 b5 13. Bd3 Ne5 14. Nd5 Nc4 15. Bxc4 Rxc4 16. Bb6 Qe8 17. Rfe1 Nxd5 18. exd5 Bf6 19. c3 Qb8 20. Bd4 b4 21. Qh6 bxc3 22. bxc3 Re8 23. Rxe7 Bxd4 24. Rxe8+ Qxe8 25. cxd4 Qe4 26. Qg5 Kg7 27. Qd8 Ba4 28. Qxd6 Bxb3 29. axb3 Rxd4 30. Rxd4 Qxd4 31. Qxa6 Qxd5 32. Qc4 Qd1+ 33. Kh2 Qd6+ 34. g3 Qf6 35. Kg2 Qb2 36. Qd5 h5 37. h4 Qc2 38. b4 Qc7 39. b5 Qb6 40. Qc6 Qd4 41. b6 Qb4 42. b7 g5 0-1


[Site "https://www.chess.com"]

[Event "Titled Tuesday Blitz November 15 Late 2022"]
[White "Krishnan, Varun"]
[Black "Fernandez De La Vara, Arnaldo"]
[WhiteFideId "5054508"]
[BlackFideId "3518388"]
[WhiteElo "2560"]
[BlackElo "2733"]
[Result "0-1"]
[Round "08"]
[TimeControl "180+1"]
[Date "2022.11.16"]
[WhiteClock "0:00:06"]
[BlackClock "0:00:03"]

1. e4 c5 2. Nf3 e6 3. d4 cxd4 4. Nxd4 a6 5. Bd3 Nf6 6. O-O d6 7. Nb3 g6 8. a4 b6 9. Be3 Bb7 10. a5 b5 11. c4 bxc4 12. Bxc4 Nxe4 13. Nd4 Bg7 14. Bxe6 fxe6 15. Nxe6 Qe7 16. Nxg7+ Qxg7 17. Bd4 Qf8 18. Nc3 Nxc3 19. Bxc3 Rg8 20. Qb3 Qf7 21. Qb4 Qd5 22. Rfe1+ Kd7 23. Qg4+ Qf5 24. Qh4 g5 25. Qa4+ Nc6 26. Rad1 Rae8 27. Qb3 Kc7 28. Bb4 Rxe1+ 29. Rxe1 Rg6 30. Bc3 Qd7 31. Qb6+ Kc8 32. b4 Re6 33. Rc1 Qc7 34. Bd2 Qxb6 35. axb6 Kd7 36. Bxg5 Re4 37. Bd2 Rd4 38. Be1 Ke6 39. f3 Kd5 40. Kf2 Rc4 41. Rd1+ Ke6 42. g4 Nxb4 43. Bxb4 Rxb4 44. Kg3 Rxb6 45. f4 Rb4 46. f5+ Ke7 47. Kh4 Bf3 48. h3 Bxd1 0-1


[Site "https://www.chess.com"]

[Event "Titled Tuesday Blitz November 15 Late 2022"]
[White "Kujawski, Adam"]
[Black "Curtis, John"]
[WhiteFideId "1100920"]
[BlackFideId "3200256"]
[WhiteElo "2053"]
[BlackElo "2203"]
[Result "0-1"]
[Round "08"]
[TimeControl "180+1"]
[Date "2022.11.16"]
[WhiteClock "0:00:05"]
[BlackClock "0:01:17"]

1. e4 c5 2. Nf3 d6 3. d4 cxd4 4. Nxd4 Nf6 5. Nc3 a6 6. Bg5 e6 7. f4 Qc7 8. Bxf6 gxf6 9. Qd2 Nc6 10. O-O-O Bh6 11. g3 Nxd4 12. Qxd4 e5 13. Nd5 Qd8 14. Qc3 O-O 15. Kb1 Be6 16. f5 Bxd5 17. Rxd5 Rc8 18. Qf3 Rc5 19. Rxc5 dxc5 20. Bc4 b5 21. Rd1 Qa5 22. Bd5 c4 23. c3 b4 24. cxb4 Qxb4 25. a3 Qb5 26. Qc3 Rb8 27. Bxc4 Qb6 28. Rd7 Be3 29. Rxf7 Kh8 0-1


[Site "https://www.chess.com"]